 Dungeon Crawl Stone Soup version bcrawl-1.28.1b (webtiles) character file.

Game seed: 14417383683826593115

118987 KristoblXynda the Slasher (level 3, 0/43 HPs)
             Began as a Draconian Skald on Dec 13, 2020.
             Slain by a sky beast (6 damage)
             ... on level 2 of the Dungeon.
             The game lasted 00:01:28 (1256 turns).

KristoblXynda the Slasher (Draconian Skald)         Turns: 1256, Time: 00:01:28

Health: 0/43       AC:  5    Str: 18    XL:     3   Next: 41%
Magic:  6/6        EV: 12    Int: 14    God:
Gold:   55         SH:  0    Dex: 10    Spells: 5/6 levels left

rFire    . . .     SeeInvis .   d - +4 dagger
rCold    . . .     Gourm    .   (no shield)
rNeg     . . .     Faith    .   (armour unavailable)
rPois    .         Spirit   .   (helmet restricted)
rElec    .         Reflect  .   (no cloak)
rCorr    .         Harm     .   (no gloves)
MR       .....                  (no boots)
Stlth    ..........             (no amulet)
HPRegen  0.14/turn              (no ring)
MPRegen  0.10/turn              (no ring)

@: berserking, very quick
A: unfitting armour, cold-blooded, AC +5
a: no special abilities


You were on level 2 of the Dungeon.
You were hungry.

You visited 1 branch of the dungeon, and saw 2 of its levels.

You collected 55 gold pieces.

Inventory:

Hand Weapons
 a - a +0 long sword
 d - a +4 dagger (weapon)
Scrolls
 b - a scroll of blinking {unknown}
 c - a scroll of fear
 f - a scroll of remove curse {unknown}
 g - a scroll of teleportation {unknown}
Comestibles
 e - 3 rations {!d}


   Skills:
 - Level 2.1 Fighting
 * Level 3.1 Long Blades
 + Level 2.6 Dodging
 - Level 2.0 Spellcasting
 + Level 3.0 Charms


You had 5 spell levels left.
You knew the following spells:

 Your Spells              Type           Power        Failure   Level  Hunger
a - Infusion              Chrm           ##......     7%          1    None

Your spell library contained the following spells:

 Spells                   Type           Power        Failure   Level  Hunger
 Song of Slaying          Chrm           ##......     10%         2    ##.....
 Ozocubu's Armour         Chrm/Ice       #.......     36%         3    ####...
 Regeneration             Chrm/Necr      #.........   36%         3    ####...
 Spectral Weapon          Hex/Chrm       #.......     36%         3    ####...


Dungeon Overview and Level Annotations

Branches:
Dungeon (2/12)

Altars:


Innate Abilities, Weirdness & Mutations

Your plain brown scales are hard. (AC +5)
You cannot fit into any form of body armour.
You are cold-blooded and may be slowed by cold attacks.


Message History

You puncture the sky beast! You tail-slap the sky beast.
The sky beast is moderately wounded.
The sky beast hits you. The sky beast shocks you.
You hit the sky beast.
The sky beast is heavily wounded.
The sky beast hits you. The sky beast shocks you.
You hit the sky beast.
Your tail-slap misses the sky beast.
The sky beast is heavily wounded.
The sky beast misses you.
You hit the sky beast.
You tail-slap the sky beast, but do no damage.
The sky beast is severely wounded.
The sky beast hits you. The sky beast shocks you.
* * * LOW HITPOINT WARNING * * *
It was a potion of berserk rage.
A red film seems to cover your vision as you go berserk!
You feel yourself moving faster!
You feel mighty! The sky beast hits you.
* * * LOW HITPOINT WARNING * * *
The sky beast shocks you.
You die...

.#.### ####....#
# .....#.# ..##
#..#.######
...#....!..[.#
.#.#.#...#####.#
.......#...###.#
#.###.Y.......#
#...@...#####
#.#.#.....#
#.#.#####.#
#......##.#
#......##.#
##.##......#
#......#####
#..##.## # #.###


You could see a sky beast.

Vanquished Creatures
  An ooze (D:1)
  A worm (D:1)
  A leopard gecko (D:1)
  A giant cockroach (D:1)
  5 goblins
  5 hobgoblins (D:1)
  4 jackals (D:1)
  5 kobolds (D:1)
  4 bats
  A frilled lizard (D:1)
  4 rats (D:1)
32 creatures vanquished.

Notes
Turn   | Place    | Note
-------+----------+-------------------------------------------
     0 | D:1      | KristoblXynda the Draconian Skald began the quest for the
                  | Orb.
     0 | D:1      | Reached XP level 1. HP: 17/17 MP: 3/3
   308 | D:1      | Reached XP level 2. HP: 12/24 MP: 5/5
   762 | D:1      | Reached XP level 3. HP: 20/29 MP: 6/6
  1246 | D:2      | Noticed a sky beast
  1256 | D:2      | Slain by a sky beast

Skill      XL: |  1  2  3 |
---------------+----------+-----
Charms         | 3 |  3.0
Long Blades    | 3 |  3.1
Fighting       | |  2.1
Dodging        | |  2.6
Spellcasting   | |  2.0

Action                   || total
-------------------------++-------
Melee: Long sword        ||    77
       Tailslap          ||    15
       Dagger            ||    50
  Use: Potion            ||     1
  Eat: Chunk             ||     4
Armor: Skin              ||    28
Dodge: Dodged            ||    81
